 Dungeon Crawl Stone Soup version 0.27.1-33-g824d729ab1 (webtiles) character file.

Game seed: 3581462792198425801

65 zeram the Sneak (level 3, -3/18 HPs)
             Began as a Spriggan Brigand on Dec 16, 2021.
             Shot with an arrow by a centaur (7 damage)
             ... on level 3 of the Dungeon.
             The game lasted 00:02:15 (1550 turns).

zeram the Sneak (Spriggan Brigand)                  Turns: 1550, Time: 00:02:15

Health: -3/18      AC:  3    Str:  7    XL:     3   Next: 92%
Magic:  4/4        EV: 17    Int: 19    God:
Gold:   25         SH:  0    Dex: 22    Spells: 2/2 levels left

rFire    . . .     SeeInvis +   a - +2 dagger
rCold    . . .     Faith    .   (shield restricted)
rNeg     . . .     Spirit   .   b - +0 robe
rPois    .         Reflect  .   (helmet restricted)
rElec    .         Harm     .   c - +0 cloak
rCorr    .         Rampage  .   (gloves unavailable)
Will     .....                  (boots unavailable)
Stlth    ++++......             (no amulet)
HPRegen  0.06/turn              i - +6 ring of intelligence
MPRegen  0.09/turn              g - +6 ring of dexterity

@: very quick
A: very small, no large weapons, unfitting armour, see invisible, speed 3
a: no special abilities


You were on level 3 of the Dungeon.
You visited 1 branch of the dungeon, and saw 3 of its levels.

You collected 25 gold pieces.

Inventory:

Hand Weapons
 a - a +2 dagger (weapon)
Missiles
 d - 7 poisoned darts
 e - 2 curare-tipped darts (quivered)
Armour
 b - a +0 robe (worn)
 c - a +0 cloak (worn)
Jewellery
 g - a +6 ring of dexterity (right hand)
 i - a +6 ring of intelligence (left hand)
Scrolls
 f - a scroll of teleportation
 h - a scroll of enchant armour {unknown}


   Skills:
 - Level 1.5 Fighting
 + Level 2.6 Short Blades
 - Level 2.0 Throwing
 + Level 2.2 Dodging
 + Level 7.8 Stealth


You had 2 spell levels left.
You didn't know any spells.
Your spell library was empty.

Dungeon Overview and Level Annotations

Branches:
Dungeon (3/15)

Altars:


Innate Abilities, Weirdness & Mutations

You are very small and have problems with some larger weapons.
You are too small for most types of armour.
You have supernaturally acute eyesight. (SInv)
You cover ground extremely quickly. (Speed+++)


Message History

No target in view!
No target in view!
No target in view!
No target in view!
No target in view!
No target in view!
No target in view!
No target in view!
No target in view!
No target in view!
No target in view!
A goblin comes into view. It is wielding a +0 club.
The goblin shouts!
You hear a shout!
A goblin is nearby!
A goblin is nearby!
A goblin is nearby!
You feel clever.
i - a +6 ring of intelligence (left hand)
You feel agile.
g - a +6 ring of dexterity (right hand)
You hit the goblin.
You kill the goblin!
No target in view!
No target in view!
Things that are here:
a +0 club; a goblin corpse An endoplasm and a centaur come into view.
The centaur wields a +0 shortbow.
The centaur shoots an arrow.
The arrow hits you!
There are monsters nearby!
There are monsters nearby!
There are monsters nearby!
Found a stone staircase leading up.
The centaur shoots an arrow.
The arrow hits you.
A hobgoblin comes into view.
The centaur shoots an arrow.
The arrow hits you.
* * * LOW HITPOINT WARNING * * *
The centaur shoots an arrow.
The arrow barely misses you.
The centaur shoots an arrow.
The arrow hits you!
You die...

####### .......###
.........#
#...J....#########
#................#
#........#######.#
#g......@.#####.#
##....#.#....)..#
#.c.......#####.#
..........## #.#
##......### #.#
##....# #.# ##.#.
###.# #... #...#
..###. #.#.#


You could see a centaur, an endoplasm (wandering) and a hobgoblin (wandering).

Vanquished Creatures
  Jessica (D:2)
  2 adders
  2 ball pythons
  2 endoplasms (D:1)
  A giant cockroach (D:2)
  3 goblins
  2 hobgoblins
  A quokka (D:2)
  4 bats
  A kobold (D:1)
  2 rats
21 creatures vanquished.

Notes
Turn   | Place    | Note
-------+----------+-------------------------------------------
     0 | D:1      | zeram the Spriggan Brigand began the quest for the Orb.
     0 | D:1      | Reached XP level 1. HP: 10/10 MP: 2/2
    33 | D:1      | Reached skill level 6 in Stealth
   557 | D:2      | Reached XP level 2. HP: 14/14 MP: 3/3
   689 | D:2      | Noticed Jessica
  1028 | D:2      | Killed Jessica
  1029 | D:2      | Reached skill level 7 in Stealth
  1029 | D:2      | Reached XP level 3. HP: 17/18 MP: 4/4
  1545 | D:3      | Noticed a centaur
  1550 | D:3      | Shot with an arrow by a centaur

Illustrated notes

Levels and vault maps discovered:
D:1:      matt_arrival_spirals, layout_basic,
          chequers_ecumenical_altar_simple_redux, serial_shops, shop_fountains,
          nicolae_shop_stone, nicolae_shop_statue_plus, shop
D:2:      layout_loops_cross, serial_park_tiny_1, uniq_jessica
D:3:      layout_loops_ring, amcnicky_altar_gilded, mainiacjoe_overflow_alcove_2

Skill      XL: |  1  2 |
---------------+-------+-----
Stealth        | 6 7 |  7.8
Dodging        | 2 |  2.2
Fighting       | |  1.5
Short Blades   | |  2.6
Throwing       | |  2.0

Action                   || total
-------------------------++-------
Melee: Dagger            ||    55
Throw: Dart              ||     9
  Use: Scroll            ||     3
 Stab: Sleeping          ||    10
Armor: Robe              ||     4
Dodge: Dodged            ||    50
